 Dungeon Crawl Stone Soup version 0.31.0-11-ge490571c62 (webtiles) character file.

Game seed: 6475979010175182738

147736 hikkokomori the Warrior (level 18, -1/149 HPs)
             Began as a Formicid Wanderer on Feb 3, 2024.
             Was a High Priest of Kikubaaqudgha.
             Slain by an azure jelly (4 damage)
             ... created by the Royal Jelly
             ... on level 5 of the Pits of Slime.
             The game lasted 01:52:11 (32767 turns).

hikkokomori the Warrior (Formicid Wanderer)        Turns: 32767, Time: 01:52:12

Health: -1/149     AC: 21    Str: 15    XL:     18   Next: 9%
Magic:  20/44      EV: 27    Int: 33    God:    Kikubaaqudgha [*****.]
Gold:   1592       SH:  9    Dex: 18    Spells: 5/44 levels left

rFire   + . .        H - +9 dire flail (venom)
rCold   . . .        M - +2 buckler of Fashionability {rElec rCorr}
rNeg    . . .        m - +2 scale mail of Qismeoso {rF+ Int+5}
rPois   .            (helmet unavailable)
rElec   +            y - +2 cloak
rCorr   +            F - +1 pair of gloves
SInv    +            S - +3 pair of mountain boots {steadfast, rC+}
Will    ++...        w - amulet "Sad Dymn" {Acrobat MP+9 Str-5 Int+8}
Stlth   ++           W - ring "Foiff" {Will+ Int+6}
HPRegen 0.44/turn    N - ring of wizardry
MPRegen 0.29/turn

%: acrobat, wizardry (x1)
@: death channelling, acrobatic, animating dead (expiring)
A: permanent stasis, dig shafts and tunnels, antennae 3, four strong arms, agile
1, cold vulnerability 1
a: Dig, Shaft Self, Renounce Religion, Unearth Wretches, Torment


You were on level 5 of the Pits of Slime.
You worshipped Kikubaaqudgha.
Kikubaaqudgha was extremely pleased with you.
You visited 6 branches of the dungeon, and saw 29 of its levels.
You also visited: Bailey and Gauntlet.

You collected 2348 gold pieces.
You spent 756 gold pieces at shops.

Inventory:

Hand Weapons
 u - a +3 great mace
 H - a +9 dire flail of venom (weapon)
Missiles
 t - 3 javelins
 v - 5 silver javelins
 C - 6 curare-tipped darts
Armour
 m - the +2 scale mail of Qismeoso (worn) {rF+ Int+5}
   (You bought it in a shop on level 9 of the Dungeon)

   Int+5:     It affects your intelligence (+5).
   rF+:       It protects you from fire.
 y - a +2 cloak (worn)
 F - a +1 pair of gloves (worn)
 M - the +2 buckler of Fashionability (worn) {rElec rCorr}
   (You found it on level 8 of the Dungeon)

   rElec:     It insulates you from electricity.
   rCorr:     It protects you from acid and corrosion.
 S - the +3 pair of mountain boots (worn) {steadfast, rC+}
   (You acquired it in a bailey)

   Steadfast: It prevents involuntary movement, except for blinking,
   teleportation, or banishment.
   rC+:       It protects you from cold.
Jewellery
 w - the amulet "Sad Dymn" (around neck) {Acrobat MP+9 Str-5 Int+8}
   (You found it on level 3 of the Dungeon)

   [amulet of the acrobat]

   Acrobat:   It increases your evasion while moving and waiting.
   Str-5:     It affects your strength (-5).
   Int+8:     It affects your intelligence (+8).
   MP+9:      It affects your magic capacity (+9).
 z - the ring "Anattias" {rC++ rN+ SInv}
   (You found it in a Gauntlet)

   [ring of positive energy]

   rC++:      It greatly protects you from cold.
   rN+:       It protects you from negative energy.
   SInv:      It lets you see invisible.
 N - a ring of wizardry (right hand)
 W - the ring "Foiff" (left hand) {Will+ Int+6}
   (You found it on level 10 of the Dungeon)

   [ring of willpower]

   Int+6:     It affects your intelligence (+6).
   Will+:     It increases your willpower.
Talismans
 Z - a dragon-blood talisman
Wands
 g - a wand of charming (4)
 E - a wand of roots (26)
 L - a wand of polymorph (22)
Scrolls
 e - a scroll of enchant weapon
 h - a scroll of poison
 l - a scroll of fog
 o - a scroll of vulnerability {unknown}
 q - a scroll of revelation
 x - 3 scrolls of summoning
 A - a scroll of torment {unknown}
 D - 2 scrolls of brand weapon {unknown}
 J - 3 scrolls of enchant armour
 K - 2 scrolls of immolation {unknown}
 P - 5 scrolls of fear
 V - 5 scrolls of blinking {unknown}
 X - 2 scrolls of amnesia
Potions
 a - 3 potions of heal wounds {unknown}
 c - 4 potions of attraction
 f - 9 potions of curing
 i - 10 potions of enlightenment
 j - 6 potions of lignification
 k - 5 potions of brilliance
 n - 2 potions of cancellation
 r - 4 potions of ambrosia
 O - a potion of magic {unknown}
 Q - 3 potions of mutation
 R - a potion of invisibility
 Y - 5 potions of might
Miscellaneous
 b - a lightning rod (4/4)
 T - a sack of spiders (inert)
 U - a phantom mirror (inert)


   Skills:
 + Level 15.3 Fighting
 + Level 9.6 Maces & Flails
 - Level 4.7 Throwing
 + Level 10.1 Armour
 - Level 6.3 Dodging
 - Level 7.1 Stealth
 - Level 9.5 Shields
 + Level 13.5 Spellcasting
 - Level 7.5 Conjurations
 + Level 11.3 Necromancy
 - Level 6.3 Ice Magic
 - Level 6.3 Air Magic
 - Level 9.0 Earth Magic
 - Level 6.5 Alchemy
 - Level 1.1 Invocations
 - Level 5.9 Evocations


You had 5 spell levels left.
You knew the following spells:

 Your Spells              Type           Power      Damage    Failure   Level
a - Bombard               Conj/Erth      33%        9d6       16%         6
b - Mephitic Cloud        Conj/Alch/Air  61%        N/A       1%          3
d - Animate Dead          Necr           77%        N/A       1%          4
e - Passwall              Erth           69%        N/A       1%          3
f - Sublimation of Blood  Necr           77%        N/A       1%          2
g - Freezing Cloud        Conj/Ice/Air   30%        6-21      5%          5
h - Irradiate             Conj/Alch      31%        3d22      4%          5
i - Borgnjor's Vile Clut  Necr/Erth      37%        N/A       1%          5
j - Death Channel         Necr           38%        N/A       4%          6

Your spell library contained the following spells:

 Spells                   Type           Power      Damage    Failure   Level
 Kiss of Death            Conj/Necr      100%       2d13      1%          1
 Necrotise                Necr           100%       1d9       1%          1
 Sandblast                Erth           100%       2d20      1%          1
 Ensorcelled Hibernation  Hex/Ice        86%        N/A       1%          2
 Mercury Vapours          Alch/Air       100%       N/A       1%          2
 Momentum Strike          Conj/Tloc      94%        3d10      1%          2
 Fugue of the Fallen      Necr           77%        N/A       1%          3
 Hailstorm                Conj/Ice       62%        3d11      1%          3
 Dispel Undead            Necr           77%        3d25      1%          4
 Fulminant Prism          Conj/Alch      31%        3d15      1%          4
 Leda's Liquefaction      Alch/Erth      32%        N/A       1%          4
 Lee's Rapid Deconstruct  Erth           34%        3d17*     1%          5
 Summon Ice Beast         Ice/Summ       43%        N/A       2%          3
 Anguish                  Hex/Necr       28%        N/A       2%          4
 Lesser Beckoning         Tloc           44%        N/A       4%          2
 Iskenderun's Mystic Bla  Conj/Tloc      47%        2d10      6%          4
 Gell's Gravitas          Tloc           22%        N/A       9%          3
 Inner Flame              Hex/Fire       22%        N/A       9%          3
 Teleport Other           Tloc           22%        N/A       9%          3
 Volatile Blastmotes      Fire/Tloc      44%        2d13      9%          3
 Summon Forest            Summ/Tloc      11%        N/A       58%         5
 Eringya's Noxious Bog    Alch           30%        4d6       28%         6
 Sculpt Simulacrum        Ice/Alch       30%        N/A       30%         6
 Borgnjor's Revivificati  Necr           38%        N/A       86%         8
 Infestation              Necr           38%        N/A       86%         8
 Haunt                    Necr/Summ      28%        N/A       91%         7
 Summon Hydra             Summ           11%        N/A       100%        7
 Ignition                 Fire           11%        3d5       100%        8
 Death's Door             Necr           38%        N/A       100%        9
 Swiftness                Air            Unusable   N/A       N/A         3
 Blink                    Tloc           Unusable   N/A       N/A         2

Dungeon Overview and Level Annotations

Branches:
Dungeon (15/15)            Temple (1/1) D:5            Lair (5/5) D:11
 Shoals (0/4) Lair:3        Snake (0/4) Lair:3        Slime (5/5) Lair:4
    Orc (2/2) D:10            Elf (0/3) Orc:2        Depths (1/4) D:15
 Bailey (visited)         Gauntlet (visited)
 Vaults: D:13-14

Altars:
Ashenzari
Cheibriados
Dithmenos
Elyvilon
Fedhas
Gozag
Hepliaklqana
Kikubaaqudgha
Makhleb
Nemelex Xobeh
Okawaru
Qazlal
Ru
Sif Muna
Trog
Uskayaw
Vehumet
Wu Jian
Xom
Yredelemnul
Zin
The Shining One
Jiyva

Shops:
D:9 [   Orc:1 [   Orc:2 ((::

Annotations:
D:13 Frances
Slime:5 Royal Jelly


Innate Abilities, Weirdness & Mutations

You cannot be hasted, slowed, berserked, paralysed or teleported.
You can dig through walls and to a lower floor.
You have a pair of large antennae on your head. (SInv)
Your four strong arms can wield two-handed weapons with a shield.
You are agile. (Dex +4, Str/Int -1)
You are vulnerable to cold. (rC-)


Message History

Your acid blob zombie is burned by acid!
Your slime creature zombie hits the azure jelly!
Unknown command.
Unknown command.
Unknown command.
Found a runed dagger, a Young Poisoner's Handbook and a hand axe.
The quicksilver ooze hits your spectral slime creature!
The quicksilver ooze hits your spectral slime creature.
Something hits your acid blob zombie!!
Your acid blob zombie is splashed with acid.
Something hits your acid blob zombie!!
Your acid blob zombie is splashed with acid.
The rockslime oozes through a web.
Your redback completely misses the azure jelly.
The rockslime hits your acid blob zombie!!
Your acid blob zombie holds its ground!
Your acid blob zombie hits the rockslime but does no damage.
The azure jelly hits your spectral slime creature.
The azure jelly freezes your spectral slime creature!
Your spectral slime creature resists.
The azure jelly hits your spectral slime creature but does no damage. x2
The azure jelly hits your spectral slime creature.
The rockslime hits your scorpion.
Your scorpion stumbles backwards!
Your slime creature zombie hits the rockslime but does no damage.
The quicksilver ooze hits your spectral slime creature!
The quicksilver ooze hits your spectral slime creature.
Your acid blob zombie barely misses the azure jelly.
Your spectral slime creature barely misses the azure jelly.
The rockslime hits your slime creature zombie!!!
Your slime creature zombie stumbles backwards!
Your slime creature zombie is destroyed!
Unknown command.
Unknown command.
Unknown command.
Unknown command.
Unknown command.
You swap places.
Found five items.
You block the azure jelly's attack. The azure jelly hits you.
You die...
Kikubaaqudgha rasps: "You have failed me!
Welcome... death!"

............JJJJZZ.ZZ......
...........JJ..ZZZZZZ......
............JJZ.ZZZZ.......
..............Z.ZZZZ.......
...........J.ZZ.Z..........
..........Js....ZZ.........
..........Js...............
..........sJ...............
..........@................
#........................##
####....<.............####
###....######....###
######?)(/######
###!?##[$### #)|#:)#
|/=:#[#


You could see an acid blob, 3 azure jellies, 4 rockslimes, 2 friendly spectral
acid blobs, 4 friendly spectral slime creatures, a friendly spectral quicksilver
ooze, 2 friendly redbacks, a friendly scorpion (summoned), 2 friendly acid blob
zombies and 5 friendly slime creature zombies.

Vanquished Creatures
  Dissolution (Slime:2)
  2 acid blobs
  Agnes (D:15)
  Roxanne (D:15)
  A rockslime (Slime:2)
  An azure jelly (Slime:1)
  An orc warlord (Bailey)
  A stone giant (Depths:1)
  5 quicksilver oozes
  2 dire elephants (Lair:5)
  A minotaur (Gauntlet)
  An ettin (Depths:1)
  Snorg (D:11)
  A fire dragon (Depths:1)
  A rakshasa (Depths:1)
  A catoblepas (D:13)
  3 hydras
  4 ogre magi (Orc:2)
  4 boulder beetles
  2 centaur warriors
  13 two-headed ogres
  8 death yaks (Lair:5)
  4 tengu warriors
  A death scarab (Gauntlet)
  A deep troll earth mage (D:15)
  Sonja (D:12)
  3 hell knights
  2 skysharks
  A skeletal warrior (D:15)
  A spectral death yak (Lair:5)
  3 sixfirhies (Gauntlet)
  A swamp dragon (D:15)
  A spectral anaconda (Lair:5)
  An obsidian statue (Lair:5)
  A swamp dragon (shapeshifter) (D:15)
  2 orc knights
  2 ugly thing zombies (D:15)
  5 necromancers
  16 ugly things
  2 shining eyes
  A cyclops (D:15)
  A will-o-the-wisp (D:15)
  A manticore (D:15)
  A worldbinder (Gauntlet)
  A salamander (Lair:3)
  9 centaur zombies (D:12)
  6 elephants
  4 meliai (D:13)
  A gargoyle (D:13)
  2 eyes of devastation
  A black mamba (Lair:1)
  An unseen horror (D:10)
  9 cane toads
  A dire elephant skeleton (Lair:5)
  3 rime drakes
  2 kobold demonologists
  7 komodo dragons
  Psyche (D:12)
  A queen bee (Lair:2)
  7 trolls
  A polar bear (shapeshifter) (D:15)
  2 polar bears
  A wolf spider simulacrum (D:14)
  A hornet (D:7)
  A spectral elephant (Lair:5)
  A dream sheep (D:9)
  2 blink frogs (Lair:1)
  A spectral black mamba (Gauntlet)
  A glass eye (Slime:2)
  A boulder beetle zombie (D:12)
  2 centaur simulacra
  2 meliai zombies
  2 shadows
  32 yaks
  28 slime creatures
  4 wraiths (D:14)
  5 golden eyes
  6 wyverns
  Grum (D:10)
  2 basilisks
  A death yak simulacrum (Lair:5)
  4 vampire mosquitoes
  Edmund (D:6)
  3 nagas (Lair:3)
  7 water moccasins
  Duvessa (D:5)
  5 black bears
  27 orc warriors
  3 sky beasts
  13 wolves
  An elephant zombie (Lair:5)
  2 laughing skulls (D:14)
  22 ogres
  2 boggarts (Gauntlet)
  5 centaurs
  5 kobold brigands
  8 bullfrogs
  A gnoll sergeant (D:8)
  4 scorpions
  A wyvern zombie (Lair:2)
  A cane toad simulacrum (Lair:5)
  5 wights (D:9)
  3 yak zombies
  Dowan (D:5)
  39 killer bees
  2 electric eels
  A lava snake (D:14)
  4 wolf zombies (Lair:3)
  3 hounds
  A bombardier beetle (D:5)
  2 jellies (D:4)
  10 orc priests
  Crazy Yiuf (D:5)
  2 gnoll boudas
  3 iguanas
  5 hell rats (Lair:3)
  A boggart zombie (D:12)
  21 orc wizards
  3 ogre zombies (Orc:2)
  15 gnolls
  6 adders
  A white imp (D:8)
  A dart slug (D:2)
  2 ribbon worms
  74 orcs
  10 endoplasms
  27 goblins
  7 hobgoblins
  7 jackals
  45 kobolds
  4 quokkas
  11 ball pythons
  8 bats
  3 frilled lizards
  A goblin zombie (Bailey)
  2 hobgoblin zombies (Bailey)
  12 orc zombies
  3 rats
723 creatures vanquished.

Vanquished Creatures (collateral kills)
  Rupert (Lair:3)
  5 acid blobs
  A rockslime (Slime:1)
  2 azure jellies
  A quicksilver ooze (Slime:5)
  Nessos (D:14)
  2 dire elephants (Lair:5)
  Josephine (D:14)
  A great orb of eyes (Slime:3)
  2 hydras
  A boulder beetle (D:14)
  5 two-headed ogres
  2 death yaks (Lair:5)
  3 skysharks
  A spectral death yak (Lair:5)
  2 skeletal warriors (D:15)
  A deep elf zephyrmancer (D:15)
  9 ugly things
  A will-o-the-wisp (D:15)
  A cyclops (D:14)
  A manticore (D:12)
  A shining eye (Slime:2)
  An elephant (Lair:5)
  20 slime creatures
  2 black mambas (Lair:3)
  An eye of devastation (Slime:3)
  A centaur zombie (D:12)
  A torpor snail (Lair:3)
  2 cane toads
  3 rime drakes
  A komodo dragon (Lair:4)
  A kobold demonologist (D:11)
  An efreet (D:14)
  2 polar bears (Lair:5)
  A troll (D:14)
  A blink frog (Lair:1)
  A water elemental (D:14)
  3 golden eyes (Slime:2)
  10 yaks
  A basilisk (D:14)
  3 vampire mosquitoes
  A water moccasin (Lair:3)
  2 swamp drakes (D:15)
  9 ogres (Orc:2)
  An elephant zombie (Lair:5)
  A laughing skull (D:15)
  2 elephant skeletons (Lair:5)
  A centaur (D:12)
  3 wolves
  A kobold brigand (D:11)
  2 bullfrogs
  A cane toad simulacrum (Lair:5)
  5 killer bees
  An electric eel (D:14)
  A lava snake (D:14)
  A black bear zombie (Lair:3)
  A hell rat (Lair:3)
  6 orcs
  3 kobolds
143 creatures vanquished.

Vanquished Creatures (others)
  5 acid blobs
  An azure jelly (Slime:2)
  A rockslime (Slime:1)
  5 quicksilver oozes
  An acid blob zombie (Slime:5)
  An azure jelly zombie (Slime:5)
  A quicksilver ooze zombie (Slime:1)
  3 ugly thing zombies
  A manticore (D:14)
  A cyclops (D:15)
  A dire elephant zombie (Lair:5)
  2 cane toads (Lair:5)
  A death yak zombie (Lair:5)
  A hydra zombie (D:15)
  A polar bear (Lair:5)
  2 meliai zombies (D:13)
  2 boulder beetle zombies
  8 slime creatures
  A wyvern (D:14)
  A yak (Lair:5)
  4 slime creature zombies (Slime:5)
  2 ogre zombies (Orc:2)
  A skyshark zombie (Lair:3)
  3 cane toad zombies (Lair:5)
  3 two-headed ogre zombies (Orc:2)
  A water moccasin (Lair:4)
  An orc warrior (D:15)
  An ice beast (D:14)
  A swamp dragon zombie (D:15)
  A manticore zombie (D:14)
  An elephant zombie (Lair:5)
  A wolf (Lair:4)
  A torpor snail zombie (Lair:3)
  A rime drake zombie (Lair:5)
  A komodo dragon zombie (Lair:5)
  A bullfrog (Lair:4)
  2 troll zombies
  A wyvern zombie (D:14)
  2 cyclops zombies (D:15)
  2 water moccasin zombies
  A human zombie (D:12)
  10 yak zombies
  2 polar bear zombies (Lair:5)
  2 wolf zombies
  A bullfrog zombie (Lair:4)
  A basilisk zombie (Lair:2)
  26 orc zombies
  A swamp drake zombie (D:15)
  A gnoll zombie (Bailey)
  3 goblin zombies (Bailey)
  A kobold zombie (D:7)
  8 foxfires (D:15)
128 creatures vanquished.

Grand Total: 994 creatures vanquished

Notes
Turn   | Place    | Note
-------+----------+-------------------------------------------
     0 | D:1      | hikkokomori the Formicid Wanderer began the quest for the
                  | Orb.
     0 | D:1      | hikkokomori set off with the following items: a +0 club, a
                  | +0 buckler, a potion of attraction, a +2 scale mail; and
                  | the following spell memorised: Sandblast; and the following
                  | spells available to memorise: Passwall.
     0 | D:1      | Reached XP level 1. HP: 13/13 MP: 2/2
   113 | D:1      | Reached XP level 2. HP: 20/20 MP: 3/3
   503 | D:1      | Reached skill level 1 in Fighting
   503 | D:1      | Reached XP level 3. HP: 26/26 MP: 5/5
  1612 | D:2      | Identified the +1 short sword "Wirpho Numa" {flame, rElec
                  | rF- rN+ Will+}
  1705 | D:2      | Reached XP level 4. HP: 31/32 MP: 6/6
  2188 | D:3      | Noticed a centaur
  2198 | D:3      | Killed a centaur
  2199 | D:3      | Reached skill level 2 in Fighting
  2199 | D:3      | Reached XP level 5. HP: 30/38 MP: 5/8
  2371 | D:3      | Reached XP level 6. HP: 42/45 MP: 9/9
  2793 | D:3      | Found an iron altar of Okawaru.
  2972 | D:3      | Identified the amulet "Sad Dymn" {Acrobat MP+9 Str-5 Int+8}
  3204 | D:3      | Learned a level 3 spell: Mephitic Cloud
  3259 | D:4      | Noticed a black bear
  3271 | D:4      | Killed a black bear
  3272 | D:4      | Reached skill level 1 in Alchemy
  3410 | D:4      | Noticed an ogre
  3424 | D:4      | Killed an ogre
  3425 | D:4      | Reached skill level 3 in Fighting
  3425 | D:4      | Reached skill level 1 in Conjurations
  3425 | D:4      | Reached XP level 7. HP: 52/52 MP: 11/11
  3870 | D:4      | Found an ornate altar of the Wu Jian Council.
  4127 | D:5      | Entered Level 5 of the Dungeon
  4133 | D:5      | Identified the +3 ring mail of the Morning {Fly rElec rCorr
                  | Int-2}
  4151 | D:5      | Reached skill level 5 in Armour
  4230 | D:5      | Reached XP level 8. HP: 56/58 MP: 13/13
  4354 | D:5      | Noticed Dowan
  4354 | D:5      | Noticed Duvessa
  4375 | D:5      | Killed Duvessa
  4376 | D:5      | Reached skill level 4 in Fighting
  4379 | D:5      | Killed Dowan
  4616 | D:5      | Reached skill level 5 in Shields
  4685 | D:5      | Found a staircase to the Ecumenical Temple.
  4717 | Temple   | Entered the Ecumenical Temple
  4737 | Temple   | Became a worshipper of Kikubaaqudgha
  4807 | D:5      | Reached skill level 5 in Fighting
  5414 | D:5      | Found a runed translucent door.
  5414 | D:5      | Noticed Crazy Yiuf
  5761 | D:6      | Reached XP level 9. HP: 50/68 MP: 15/15
  5768 | D:6      | Reached * piety under Kikubaaqudgha
  5768 | D:6      | Received a gift from Kikubaaqudgha
  5780 | D:6      | Learned a level 1 spell: Kiss of Death
  5785 | D:6      | Learned a level 4 spell: Animate Dead
  6077 | D:6      | Reached skill level 1 in Throwing
  6109 | D:6      | Found a shadowy altar of Dithmenos.
  6131 | D:6      | Reached skill level 1 in Air Magic
  6246 | D:6      | Reached skill level 6 in Fighting
  6269 | D:6      | Noticed Edmund
  6287 | D:6      | Killed Edmund
  6288 | D:6      | Reached skill level 1 in Necromancy
  6288 | D:6      | Reached skill level 5 in Alchemy
  6642 | D:5      | Killed Crazy Yiuf
  6706 | D:7      | Learned a level 3 spell: Passwall
  6760 | D:7      | Reached skill level 5 in Spellcasting
  6818 | D:7      | Reached skill level 1 in Maces & Flails
  6937 | D:7      | Reached skill level 7 in Fighting
  7018 | D:7      | Identified the orb of Cikhat {light, -Cast rF- rC+++ rCorr}
  7073 | D:7      | Noticed a hornet
  7078 | D:7      | Killed a hornet
  7079 | D:7      | Reached XP level 10. HP: 39/79 MP: 18/18
  7183 | D:7      | Reached ** piety under Kikubaaqudgha
  7340 | D:7      | Found a stormy altar of Qazlal.
  7825 | D:8      | Identified the +2 buckler of Fashionability {rElec rCorr}
  7839 | D:8      | Noticed a centaur warrior
  7849 | D:8      | Killed a centaur warrior
  7850 | D:8      | Reached skill level 8 in Fighting
  8018 | D:8      | Found a flagged portal.
  8025 | Bailey   | Entered a bailey
  8029 | Bailey   | Learned a level 2 spell: Sublimation of Blood
  8115 | Bailey   | Reached *** piety under Kikubaaqudgha
  8115 | Bailey   | Received a gift from Kikubaaqudgha
  8140 | Bailey   | Learned a level 5 spell: Freezing Cloud
  8149 | Bailey   | Noticed an orc knight
  8180 | Bailey   | Killed an orc knight
  8181 | Bailey   | Reached skill level 1 in Ice Magic
  8242 | Bailey   | Reached skill level 9 in Fighting
  8354 | Bailey   | Reached XP level 11. HP: 77/89 MP: 19/20
  8354 | Bailey   | Noticed an orc warlord
  8379 | Bailey   | Killed an orc warlord
  8524 | Bailey   | Acquired the +3 pair of mountain boots {steadfast, rC+}
  8524 | Bailey   | Found the +3 pair of mountain boots {steadfast, rC+}
  8758 | D:8      | Reached **** piety under Kikubaaqudgha
  8997 | D:8      | Noticed a +0 dagger
  8998 | D:8      | Found a hide-covered altar of Uskayaw.
  8999 | D:8      | Noticed a +0 dagger
  9279 | D:9      | Found Bitibli's Antique Armour Shoppe.
  9294 | D:9      | Bought a faintly glowing scale mail for 216 gold pieces
  9294 | D:9      | Identified the +2 scale mail of Qismeoso {rF+ Int+5} (You
                  | bought it in a shop on level 9 of the Dungeon)
  9316 | D:9      | Reached skill level 10 in Fighting
  9588 | D:9      | Reached skill level 5 in Necromancy
 10383 | D:9      | Learned a level 5 spell: Irradiate
 10418 | D:10     | Entered Level 10 of the Dungeon
 10428 | D:10     | Identified the ring "Foiff" {Will+ Int+6}
 10447 | D:10     | Identified the +1 robe "Coyph" {Will+}
 10472 | D:10     | Noticed Grum
 10486 | D:10     | Killed Grum
 10782 | D:10     | Reached skill level 5 in Maces & Flails
 11649 | D:10     | Found a staircase to the Orcish Mines.
 11655 | D:10     | Reached skill level 5 in Conjurations
 11664 | D:10     | Reached ***** piety under Kikubaaqudgha
 12019 | D:11     | Reached skill level 11 in Fighting
 12023 | D:11     | Reached XP level 12. HP: 84/100 MP: 23/23
 12121 | D:11     | Noticed Snorg
 12131 | D:11     | Killed Snorg
 12132 | D:11     | Reached skill level 5 in Air Magic
 12147 | D:11     | Found a staircase to the Lair.
 12192 | D:11     | Noticed a soul eater
 12448 | D:11     | Noticed a two-headed ogre
 12453 | D:11     | Your ally Snorg died
 12457 | D:11     | Killed a two-headed ogre
 12481 | D:11     | Found a shimmering blue altar of Sif Muna.
 12748 | D:12     | Noticed Psyche
 12752 | D:12     | Noticed a boulder beetle
 12757 | D:12     | Killed Psyche
 12762 | D:12     | Killed a boulder beetle
 12763 | D:12     | Reached skill level 5 in Ice Magic
 12889 | D:12     | Your ally Psyche died
 12973 | D:12     | Reached skill level 12 in Fighting
 13178 | D:12     | Found a basalt altar of Yredelemnul.
 13253 | D:12     | Reached XP level 13. HP: 109/109 MP: 25/25
 13354 | D:12     | Noticed Sonja
 13363 | D:12     | Killed Sonja
 13522 | D:12     | Identified the +0 great sword "Ninu" {venom, rF+++ Dex+4}
 13575 | D:12     | Reached skill level 13 in Fighting
 14303 | Lair:1   | Entered Level 1 of the Lair of Beasts
 14388 | Lair:1   | Got the Codex of the Gargoyle and Clouds
 14803 | Lair:1   | Reached ****** piety under Kikubaaqudgha
 14965 | Lair:1   | Received a gift from Kikubaaqudgha (forbidden knowledge)
 15050 | Orc:1    | Entered Level 1 of the Orcish Mines
 15178 | Orc:1    | Found Cumakhai's Antique Armour Emporium.
 15664 | Orc:2    | Entered Level 2 of the Orcish Mines
 15714 | Orc:2    | Found a gate leading to a gauntlet.
 15757 | Gauntlet | Entered a Gauntlet
 15757 | Gauntlet | Found a transporter.
 15757 | Gauntlet | Found a transporter.
 15782 | Gauntlet | Found a runed translucent door.
 15784 | Gauntlet | Found a transporter.
 15786 | Gauntlet | Found a runed translucent door.
 15798 | Gauntlet | Found a transporter.
 15819 | Gauntlet | Found a transporter.
 15819 | Gauntlet | Found a transporter.
 15822 | Gauntlet | Found a transporter.
 15825 | Gauntlet | Found a transporter.
 15825 | Gauntlet | Found a transporter.
 15827 | Gauntlet | Noticed a cacodemon
 15829 | Gauntlet | Found a runed translucent door.
 15838 | Gauntlet | Found a runed translucent door.
 15842 | Gauntlet | Found a transporter.
 15859 | Gauntlet | Found a transporter.
 15868 | Gauntlet | Noticed a dire elephant
 15869 | Gauntlet | Found a transporter.
 15884 | Gauntlet | Found a transporter.
 15909 | Gauntlet | Found a transporter.
 16213 | Gauntlet | Identified the staff of the Shining Light {^Fragile rF+ rC+
                  | Dex+3 Stlth+ Fire}
 16233 | Gauntlet | Reached skill level 14 in Fighting
 16246 | Gauntlet | Reached XP level 14. HP: 101/120 MP: 27/27
 16250 | Gauntlet | Identified the ring "Anattias" {rC++ rN+ SInv}
 16299 | Gauntlet | Learned a level 5 spell: Borgnjor's Vile Clutch
 16315 | Gauntlet | Noticed a minotaur
 16327 | Gauntlet | Killed a minotaur
 16599 | Orc:2    | Reached skill level 1 in Stealth
 16855 | Orc:2    | Reached skill level 10 in Spellcasting
 17440 | Orc:2    | Found a staircase to the Elven Halls.
 17720 | Orc:2    | Found Jevixaicw's Book Emporium.
 17720 | Orc:2    | Found Jieladac's Book Shop.
 17721 | Orc:2    | Found Kuneyl's Antique Weapon Boutique.
 17721 | Orc:2    | Found Mobubbua's Weapon Emporium.
 18435 | Lair:2   | Reached skill level 5 in Earth Magic
 19299 | Lair:3   | Reached XP level 15. HP: 127/127 MP: 26/29
 19389 | Lair:3   | Found a staircase to the Shoals.
 19444 | Lair:3   | Noticed Rupert
 19464 | Lair:3   | Killed Rupert
 20064 | Lair:3   | Identified the orb of Virtue {*channel, rElec Str-5 Earth}
 20395 | Lair:3   | Found a staircase to the Snake Pit.
 20701 | Lair:4   | Reached skill level 5 in Dodging
 21351 | Lair:4   | Found a viscous altar of Jiyva.
 21351 | Lair:4   | Found a staircase to the Slime Pits.
 21495 | Lair:5   | Entered Level 5 of the Lair of Beasts
 22309 | Lair:5   | HP: 1/124 [dire elephant (20)]
 23366 | Lair:5   | Reached XP level 16. HP: 115/133 MP: 31/31
 24091 | Slime:1  | Entered Level 1 of the Pits of Slime
 24147 | Slime:1  | Learned a level 6 spell: Death Channel
 25114 | D:13     | You fall into a shaft and drop 1 floor!
 25182 | D:14     | Reached skill level 5 in Stealth
 25652 | D:14     | Noticed Josephine
 25659 | D:14     | Killed Josephine
 25678 | D:14     | Noticed Nessos
 25689 | D:14     | Killed Nessos
 25690 | D:14     | Reached skill level 15 in Fighting
 26542 | D:13     | Noticed Frances
 26698 | Orc:2    | Bought a book of the Earth for 540 gold pieces
 26711 | Orc:2    | Learned a level 6 spell: Bombard
 26862 | D:15     | Entered Level 15 of the Dungeon
 27122 | D:15     | Noticed Agnes
 27133 | D:15     | Killed Agnes
 27134 | D:15     | Reached skill level 10 in Necromancy
 27627 | D:15     | Reached XP level 17. HP: 97/142 MP: 33/33
 27813 | D:15     | Found a staircase to the Depths.
 27862 | D:15     | Noticed Roxanne
 27892 | D:15     | Killed Roxanne
 28448 | Depths:1 | Entered Level 1 of the Depths
 29536 | Slime:2  | Noticed Dissolution
 29550 | Slime:2  | Killed Dissolution
 29551 | Slime:2  | Reached skill level 5 in Evocations
 29995 | Slime:3  | Noticed an acid blob
 30011 | Slime:1  | Noticed an acid blob
 30016 | Slime:1  | Noticed an acid blob
 30018 | Slime:1  | Killed an acid blob
 30442 | Slime:1  | Killed an acid blob
 30809 | Slime:2  | Killed an acid blob
 32110 | Slime:4  | Noticed an acid blob
 32122 | Slime:3  | Killed an acid blob
 32421 | Slime:4  | Noticed an acid blob
 32428 | Slime:4  | Killed an acid blob
 32429 | Slime:4  | Reached skill level 10 in Armour
 32708 | Slime:5  | Entered Level 5 of the Pits of Slime
 32717 | Slime:5  | Gained mutation: You are clumsy. (Dex -2) [a shining eye]
 32718 | Slime:5  | Gained mutation: Armour fits poorly on your strangely
                  | shaped body. [a shining eye]
 32720 | Slime:5  | Reached XP level 18. HP: 137/149 MP: 25/35
 32720 | Slime:5  | Lost mutation: You are clumsy. (Dex -2) [potion of
                  | mutation]
 32720 | Slime:5  | Lost mutation: Armour fits poorly on your strangely shaped
                  | body. [potion of mutation]
 32720 | Slime:5  | Gained mutation: You are agile. (Dex +4, Str/Int -1)
                  | [potion of mutation]
 32720 | Slime:5  | Gained mutation: You are vulnerable to cold. (rC-) [potion
                  | of mutation]
 32726 | Slime:5  | Noticed an acid blob
 32733 | Slime:5  | Killed an acid blob
 32750 | Slime:5  | Noticed the Royal Jelly
 32759 | Slime:5  | Noticed an acid blob
 32762 | Slime:5  | Noticed an acid blob
 32765 | Slime:5  | HP: 2/149 [rockslime[the Royal Jelly] (31)]
 32767 | Slime:5  | Slain by an azure jelly

Illustrated notes

Levels and vault maps discovered:
D:1:      wander_arrival_chamber, layout_basic
D:2:      layout_basic
D:3:      layout_loops_corners, mainiacjoe_overflow_alcove_2
D:4:      layout_rooms, mainiacjoe_overflow_chevrons, minivault_19,
          grunt_decor_fettered, minmay_distorted
D:5:      kennysheep_kobold_camp, layout_gridville,
          minmay_temple_entry_sparse_star, minmay_manual_monolith, uniq_duvessa,
          uniq_crazy_yiuf_cottage
D:6:      layout_basic, mainiacjoe_overflow_six_doors_small, serial_rivers,
          chequers_serial_rivers_room_b, chequers_serial_rivers_micro_d,
          chequers_serial_rivers_small_a, chequers_serial_rivers_micro_c,
          uniq_edmund
D:7:      layout_loops_ring, nicolae_qazlal_general_emergency,
          kennysheep_generic_room_13
D:8:      layout_basic, dancing_weapons_uskayaw, enter_bailey_3,
          minmay_chambers_of_fives
D:9:      layout_loops_corners, serial_shops, shop_fountains,
          minmay_misc_feat_more_columns, nrook_uturn, dreamdust_gnoll_shepherd
D:10:     layout_layer_cave, david_orc_5, uniq_grum
D:11:     layout_roguey, grunt_lair_entry_orc_guard_hut,
          hellmonk_sif_muna_bookshelves, uniq_snorg
D:12:     layout_cave_pods, st_stairs_3, nicolae_yredelemnul_corpse_copse,
          uniq_psyche, uniq_sonja
D:13:     minmay_general_purpose_star, layout_rooms, uniq_jorgrun, uniq_frances,
          uniq_kirke
D:14:     layout_basic, nicolae_lava_and_water, uniq_nessos, uniq_josephine
D:15:     hellmonk_depths_entry_around_the_bend, layout_irregular_city,
          minmay_fountain_box, pond, uniq_agnes, uniq_roxanne
Temple:   sentei_temple_godly_chess
Lair:1:   layout_roguey
Lair:2:   layout_roguey [special_room_bee], st_stairs_12,
          infiniplex_staircase_pool, serial_bayou_shore_a
Lair:3:   layout_loops_ring, minmay_shoals_entry_centaurs,
          alex1729_snake_entry_snake, grunt_megastairs_4, uniq_rupert
Lair:4:   layout_long_grid, dpeg_slime_entry_enclosed
Lair:5:   due_jungle_book, layout_gridlike
Slime:1:  layout_caves
Slime:2:  layout_caves, dissolution_awaits
Slime:3:  layout_caves
Slime:4:  layout_caves
Slime:5:  slime_pit_nicolae_inversion
Orc:1:    layout_diamond_mine, serial_shops, shop
Orc:2:    st_orc_ogre_mass, layout_diamond_mine, gauntlet_entry_generic
Depths:1: layout_cave_shapes, serial_shops, shop, gammafunk_ghost_mausoleum,
          lightli_too_deep, hangedman_stitches_earthworm, grunt_megastairs_1,
          minmay_shop_star

Skill      XL: |  1  2  3  4  5  6  7  8  9 10 11 12 13 14 15 16 17 |
---------------+----------------------------------------------------+-----
Shields        | 2 3 4 5 7 9 |  9.5
Fighting       | 1 2 3 5 7 9 11 12 14 15 | 15.3
Earth Magic    | 3 4 5 7 8 9 |  9.0
Spellcasting   | 2 3 4 5 6 7 8 9 10 11 12 13 | 13.5
Armour         | 4 5 7 9 10 | 10.1
Alchemy        | 1 2 4 5 6 |  6.5
Conjurations   | 1 2 4 5 6 7 |  7.5
Throwing       | 1 4 |  4.7
Air Magic      | 2 3 4 5 6 |  6.3
Necromancy     | 2 4 5 6 7 9 10 11 | 11.3
Maces & Flails | 1 4 5 6 8 9 |  9.6
Ice Magic      | 1 4 5 6 |  6.3
Stealth        | 4 6 7 |  7.1
Dodging        | 4 6 |  6.3
Evocations     | 3 5 |  5.9
Invocations    | |  1.1

Action                     |  1- 3 |  4- 6 |  7- 9 | 10-12 | 13-15 | 16-18 || total
---------------------------+-------+-------+-------+-------+-------+-------++-------
  Melee: Club              |   125 |       |       |       |       |       ||   125
         Short sword       |    22 |    52 |     1 |       |       |       ||    75
         Dagger            |       |    12 |   112 |       |       |       ||   124
         Dire flail        |       |       |    28 |   418 |   630 |   404 ||  1480
  Throw: Javelin           |       |       |     2 |       |       |       ||     2
         Dart              |       |       |       |     2 |     4 |       ||     6
   Cast: Sandblast         |     9 |    34 |   148 |    56 |    13 |     2 ||   262
         Mephitic Cloud    |       |       |     7 |    30 |    17 |     2 ||    56
         Animate Dead      |       |       |       |     7 |    22 |    12 ||    41
         Freezing Cloud    |       |       |       |    17 |    39 |    14 ||    70
         Borgnjor's Vile C |       |       |       |       |     8 |     1 ||     9
         Sublimation of Bl |       |       |       |       |     2 |       ||     2
         Death Channel     |       |       |       |       |       |    12 ||    12
         Bombard           |       |       |       |       |       |    41 ||    41
         Irradiate         |       |       |       |       |       |    10 ||    10
 Invoke: Receive Forbidden |       |       |       |       |     1 |       ||     1
         Unearth Wretches  |       |       |       |       |     5 |    12 ||    17
Ability: Dig               |       |       |     1 |     1 |     3 |       ||     5
  Evoke: Wand              |       |       |       |     9 |     5 |     2 ||    16
         Sack of spiders   |       |       |       |       |       |     2 ||     2
         Phantom mirror    |       |       |       |       |       |     1 ||     1
    Use: Scroll            |       |     1 |       |     9 |    11 |     5 ||    26
         Potion            |       |       |       |       |     4 |     2 ||     6
   Stab: Confused          |       |       |     5 |     6 |     9 |       ||    20
         Distracted        |       |       |       |     2 |     6 |    13 ||    21
         Paralysed         |       |       |       |       |     4 |     4 ||     8
         Invisible         |       |       |       |       |     2 |       ||     2
         Sleeping          |       |       |       |       |       |     1 ||     1
 Armour: Scale mail        |   108 |    88 |    17 |   192 |   508 |   399 ||  1312
         Ring mail         |       |       |   144 |    90 |       |       ||   234
         Skin              |       |       |       |     1 |       |       ||     1
  Dodge: Dodged            |    60 |    48 |   124 |   206 |   313 |   221 ||   972
  Block: Buckler           |    41 |    23 |    56 |   129 |   251 |   149 ||   649
